 Dungeon Crawl Stone Soup version 0.30-a0-782-ge64f9170bb (webtiles) character file.

Game seed: 14377321849769048509

8473 Leeroy the Carver (level 11, -8/52 HPs)
             Began as a Vine Stalker Warper on Feb 19, 2023.
             Was a Believer of Wu Jian.
             Killed from afar by a deep elf pyromancer (32 damage)
             ... with a bolt of fire
             ... on level 10 of the Dungeon.
             The game lasted 00:16:37 (6120 turns).

Leeroy the Carver (Vine Stalker Warper)             Turns: 6120, Time: 00:16:38

Health: -8/52      AC: 13    Str: 15    XL:     11   Next: 31%
Magic:  0/15       EV:  9    Int: 13    God:    Wu Jian [**....]
Gold:   388        SH:  0    Dex: 23    Spells: 6/14 levels left

rFire   x . .      SeeInvis .    N - +7 long sword "Maatwull" {pain, *Slow rPois rC+ Stlth+}
rCold   + + +      Faith    .    (no shield)
rNeg    . . .      Spirit   +    r - +0 ice dragon scales
rPois   +          Reflect  .    (no helmet)
rElec   .          Harm     .    s - +0 cloak
rCorr   .          Rampage  .    (no gloves)
Will    +....                    x - +0 pair of boots
Stlth   +                        (no amulet)
HPRegen 1.08/turn                m - ring of wizardry
MPRegen 0.14/turn                C - +6 ring of dexterity

@: no status effects
A: fangs 3, regeneration 1, magic shield, antimagic bite, no potion heal 2
a: Renounce Religion, Wall Jump


You were on level 10 of the Dungeon.
You worshipped Wu Jian.
Wu Jian was pleased with you.
You visited 2 branches of the dungeon, and saw 11 of its levels.

You collected 589 gold pieces.
You spent 201 gold pieces at shops.

Inventory:

Hand Weapons
 v - a +2 dagger of venom
 y - a +1 long sword
 B - a +1 dagger of speed
 M - a +2 scimitar of flaming
 N - the +7 long sword "Maatwull" (weapon) {pain, *Slow rPois rC+ Stlth+}
   (You found it on level 9 of the Dungeon)

   rC:        It protects you from cold.
   rPois:     It protects you from poison.
   *Slow:     It may slow you when you take damage.
   Stlth:     It makes you more stealthy.
 R - a +0 long sword of electrocution
Missiles
 d - 8 boomerangs of dispersal (quivered)
 t - 18 poisoned darts
 E - a throwing net
Armour
 b - a +0 leather armour
 i - a +0 plate armour
 n - a scarf of invisibility
 r - +0 ice dragon scales (worn)
 s - a +0 cloak (worn)
 x - a +0 pair of boots (worn)
 Q - +0 steam dragon scales
Jewellery
 h - a +4 ring of protection
 m - a ring of wizardry (left hand)
 C - a +6 ring of dexterity (right hand)
 D - a +6 ring of strength
 I - a ring of positive energy
 S - a ring of fire
Wands
 a - a wand of polymorph (7)
 A - a wand of digging (2)
 K - a wand of roots (2)
 L - a wand of charming (10)
 O - a wand of mindburst (5)
Scrolls
 c - a scroll of blinking
 e - a scroll of silence
 j - 5 scrolls of teleportation
 k - 2 scrolls of immolation
 l - 2 scrolls of vulnerability
 q - 2 scrolls of amnesia
 u - a scroll of fear
 z - 4 scrolls of fog
 H - a scroll of poison
 P - a scroll of magic mapping
Potions
 f - 3 potions of attraction {unknown}
 g - 3 potions of heal wounds {unknown}
 o - 11 potions of curing
 p - 2 potions of lignification {unknown}
 w - a potion of flight {unknown}
 F - 2 potions of haste {unknown}
 G - a potion of brilliance {unknown}
 J - 2 potions of resistance {unknown}


   Skills:
 + Level 3.2 Fighting
 - Level 14.2 Long Blades
 - Level 0.8 Throwing
 - Level 5.0 Armour
 - Level 1.5 Dodging
 - Level 2.1 Spellcasting
 - Level 3.0 Necromancy
 - Level 3.0 Translocations


You had 6 spell levels left.
You knew the following spells:

 Your Spells              Type           Power      Damage    Failure   Level
a - Blink                 Tloc           18%        N/A       21%         2
b - Vhi's Electric Charg  Tloc/Air       10%        N/A       56%         3
c - Vampiric Draining     Necr           9%         2d6       38%         3

Your spell library contained the following spells:

 Spells                   Type           Power      Damage    Failure   Level
 Necrotise                Necr           36%        1d5       14%         1
 Lesser Beckoning         Tloc           18%        N/A       21%         2
 Teleport Other           Tloc           9%         N/A       38%         3
 Beastly Appendage        Tmut           2%         N/A       41%         1
 Sandblast                Erth           2%         2d4       41%         1
 Passwall                 Tmut/Erth      0%         N/A       54%         2
 Wereblood                Tmut           1%         N/A       54%         2
 Spider Form              Tmut/Pois      1%         N/A       77%         3
 Stone Arrow              Conj/Erth      2%         3d7       77%         3
 Tukima's Dance           Hex            1%         N/A       77%         3
 Manifold Assault         Tloc           9%         N/A       77%         4
 Passage of Golubria      Tloc           9%         N/A       77%         4
 Anguish                  Hex/Necr       2%         N/A       91%         4
 Agony                    Necr           9%         N/A       97%         5
 Yara's Violent Unravell  Hex/Tmut       0%         3d3       100%        5
 Enfeeble                 Hex            0%         N/A       100%        7


Dungeon Overview and Level Annotations

Branches:
Dungeon (10/15)            Temple (1/1) D:6            Lair (0/5) D:8
    Orc (0/2) D:9

Altars:
Ashenzari
Cheibriados
Dithmenos
Elyvilon
Fedhas
Hepliaklqana
Kikubaaqudgha
Makhleb
Nemelex Xobeh
Okawaru
Qazlal
Ru
Sif Muna
Trog
Uskayaw
Vehumet
Wu Jian
Xom
Yredelemnul
The Shining One

Shops:
D:1 [   D:2 *=[   D:8 (![   D:9 (   D:10 !=

Annotations:
D:2 1 runed translucent door, Crazy Yiuf
D:4 Dowan, Duvessa
Temple 4 transporters


Innate Abilities, Weirdness & Mutations

You have razor-sharp teeth.
Your natural rate of healing is unusually fast.
When hurt, damage is shared between your health and your magic reserves.
Your bite disrupts and absorbs the magic of your enemies.
Potions cannot restore your health.


Message History

The ball of steam hits you!! The steam scalds you terribly!
You slice the steam dragon!!
You kill the steam dragon!
The Council accepts your kill.
You can now perform airborne attacks.
The steam dragon scales are intact enough to wear.
You are engulfed in a cloud of scalding steam.
Casting: Vhi's Electric Charge (quite dangerous; 56% risk of failure)
Confirm with . or Enter, or press ? or * to list all spells.
Okay, then.
Things that are here:
+0 steam dragon scales; a steam dragon corpse Q - +0 steam dragon scales Magic restored.
There is an open door here.
Found a radiant altar of Vehumet.
There is an open door here.
A vampire comes into view.
A vampire is nearby!
A vampire is nearby!
The vampire gestures wildly while chanting.
The vampire flickers and vanishes!
Deactivating autopickup; reactivate with Ctrl-A.
You hear a shout!
There is an open door here.
A deep elf pyromancer comes into view. It is wielding a +0 rapier.
Found Dutujuq's Distillery.
Something hits you! Something bites you!
Something draws strength from your injuries!
You hit something. Something hits you but does no damage. Something bites you!
Something draws strength from your injuries!
You barely miss something. Your bite misses something. You slash something!
You bite something. Something hits you but does no damage.
Something bites you but does no damage.
You slice something!! You bite something. Something draws life force from you!
You closely miss something. You punch something. Your bite misses something.
Something hits you but does no damage. Something bites you.
Something draws strength from your injuries!
The deep elf pyromancer gestures at you while chanting.
The bolt of fire hits you!!! The fire burns you terribly!
Ouch! That really hurt!
You die...

##.....##.....#
#.......#.....#
#.......#.....#
+..._...'.....#
#.......#.....#
#.......#######
##.....##
###'### #@# #{#
..e #....
#..... .......
......∩.
.........#


You could see a deep elf pyromancer.

Vanquished Creatures
  Erica (D:8)
  A two-headed ogre (D:9)
  Pikel (D:8)
  Joseph (D:7)
  A troll (D:9)
  A hornet (D:9)
  Grinder (D:3)
  2 wraiths
  15 yaks
  A wyvern (D:7)
  4 steam dragons
  A water moccasin (D:8)
  3 ice beasts
  3 sky beasts
  2 ogres
  2 orc warriors
  A lemure (D:8)
  2 centaurs (D:6)
  Blork the orc (D:5)
  5 bullfrogs
  A gnoll sergeant (D:6)
  2 scorpions
  9 wights
  A howler monkey (D:8)
  2 hounds (D:6)
  3 lava snakes (D:9)
  A gnoll bouda (D:2)
  Terence (D:2)
  4 iguanas
  An orc wizard (D:6)
  Robin (D:2)
  13 gnolls
  9 adders
  A river rat (D:6)
  A shadow imp (D:5)
  3 white imps
  An ufetubus (D:5)
  5 worms
  4 dart slugs
  10 orcs
  A ball python (D:3)
  5 endoplasms
  4 giant cockroaches
  10 goblins
  5 hobgoblins
  3 jackals (D:1)
  A quokka (D:1)
  4 bats
  A frilled lizard (D:3)
  4 kobolds
  4 rats
164 creatures vanquished.

Vanquished Creatures (others)
  A plant (D:6)
1 creature vanquished.

Grand Total: 165 creatures vanquished

Notes
Turn   | Place    | Note
-------+----------+-------------------------------------------
     0 | D:1      | Leeroy the Vine Stalker Warper began the quest for the Orb.
     0 | D:1      | Reached XP level 1. HP: 11/11 MP: 4/4
    27 | D:1      | Found Leshupra's Armour Shoppe.
    37 | D:1      | Reached skill level 2 in Long Blades
    48 | D:1      | Reached XP level 2. HP: 15/15 MP: 6/6
   324 | D:1      | You fall into a shaft and drop 1 floor!
   416 | D:2      | Learned a level 2 spell: Blink
   534 | D:2      | Found Ymorph's Assorted Antiques.
   551 | D:2      | Reached skill level 3 in Long Blades
   551 | D:2      | Reached XP level 3. HP: 10/18 MP: 7/7
   622 | D:2      | Found Alonuada's Jewellery Shoppe.
   665 | D:2      | Noticed Robin
   673 | D:2      | Killed Robin
   760 | D:2      | Found Tenocs's Antique Armour Boutique.
   823 | D:2      | Found a runed translucent door.
   824 | D:2      | Noticed Crazy Yiuf
   880 | D:2      | Gained mutation: Your natural rate of healing is unusually
                  | fast. [Vine Stalker growth]
   880 | D:2      | Reached XP level 4. HP: 23/23 MP: 8/8
   969 | D:2      | Noticed Terence
   990 | D:2      | Killed Terence
   991 | D:2      | Reached skill level 4 in Long Blades
  1139 | D:3      | Reached XP level 5. HP: 21/26 MP: 7/9
  1655 | D:2      | Reached skill level 5 in Long Blades
  1779 | D:2      | Learned a level 3 spell: Vhi's Electric Charge
  1895 | D:3      | Reached skill level 1 in Armour
  1936 | D:3      | Found a stormy altar of Qazlal.
  1949 | D:3      | Found a white marble altar of Elyvilon.
  1962 | D:3      | Reached XP level 6. HP: 30/30 MP: 10/10
  2260 | D:4      | Noticed Grinder
  2277 | D:3      | Paralysed by Grinder for 2 turns
  2279 | D:3      | Killed Grinder
  2280 | D:3      | Reached XP level 7. HP: 34/34 MP: 11/11
  2358 | D:4      | Noticed a steam dragon
  2378 | D:4      | Killed a steam dragon
  2457 | D:4      | Noticed Dowan
  2457 | D:4      | Noticed Duvessa
  2490 | D:5      | Entered Level 5 of the Dungeon
  2597 | D:5      | Reached skill level 5 in Armour
  2687 | D:5      | Noticed Blork the orc
  2713 | D:5      | Killed Blork the orc
  2842 | D:5      | Gained mutation: You have razor-sharp teeth. [Vine Stalker
                  | growth]
  2842 | D:5      | Reached XP level 8. HP: 38/38 MP: 12/12
  2858 | D:6      | Found a staircase to the Ecumenical Temple.
  2864 | D:6      | Reached skill level 6 in Long Blades
  2963 | D:6      | Reached skill level 7 in Long Blades
  3013 | D:7      | Reached skill level 8 in Long Blades
  3205 | D:6      | Reached XP level 9. HP: 38/42 MP: 9/13
  3213 | D:6      | Reached skill level 9 in Long Blades
  3396 | D:6      | Found a broken altar of Ashenzari.
  3502 | D:6      | Found an ornate altar of the Wu Jian Council.
  3502 | D:6      | Found a sacrificial altar of Ru.
  3510 | D:6      | Became a worshipper of the Wu Jian Council
  3894 | Temple   | Entered the Ecumenical Temple
  3894 | Temple   | Found a transporter.
  3894 | Temple   | Found a transporter.
  3896 | Temple   | Found a transporter.
  3896 | Temple   | Found a transporter.
  4059 | D:7      | Reached skill level 10 in Long Blades
  4089 | D:7      | Found a snail-covered altar of Cheibriados.
  4351 | D:7      | Noticed Joseph
  4362 | D:7      | Killed Joseph
  4363 | D:7      | Reached skill level 11 in Long Blades
  4686 | D:8      | Reached XP level 10. HP: 18/46 MP: 9/14
  4826 | D:8      | Found Waowun's Weapon Shop.
  4839 | D:8      | Found Metiux's Distillery.
  4866 | D:8      | Found a staircase to the Lair.
  4876 | D:8      | Noticed Pikel
  4920 | D:8      | Reached skill level 12 in Long Blades
  4932 | D:8      | Killed Pikel
  4937 | D:8      | Reached * piety under Wu Jian
  4967 | D:8      | Found Huplunixy's Armour Shop.
  4994 | D:8      | Noticed Erica
  5006 | D:8      | Killed Erica
  5007 | D:8      | Reached skill level 13 in Long Blades
  5033 | D:8      | Found a shadowy altar of Dithmenos.
  5340 | D:9      | Identified the +7 long sword "Maatwull" {pain, *Slow rPois
                  | rC+ Stlth+}
  5411 | D:9      | Learned a level 3 spell: Vampiric Draining
  5432 | D:9      | Found a staircase to the Orcish Mines.
  5432 | D:9      | Noticed a two-headed ogre
  5437 | D:9      | Reached XP level 11. HP: 50/50 MP: 15/15
  5446 | D:9      | Killed a two-headed ogre
  5447 | D:9      | Reached skill level 14 in Long Blades
  5447 | D:9      | Reached skill level 1 in Necromancy
  5619 | D:9      | Found a burning altar of Makhleb.
  5633 | D:9      | Found Tecrybb Ceab's Antique Weapon Shop.
  5641 | D:9      | Bought a glowing long sword for 201 gold pieces
  5707 | D:10     | Entered Level 10 of the Dungeon
  6014 | D:10     | Found Lierolig's Jewellery Boutique.
  6029 | D:10     | Found a bloodstained altar of Trog.
  6034 | D:10     | Reached ** piety under Wu Jian
  6107 | D:10     | Found a radiant altar of Vehumet.
  6115 | D:10     | Found Dutujuq's Distillery.
  6115 | D:10     | Noticed a deep elf pyromancer
  6120 | D:10     | Killed from afar by a deep elf pyromancer

Illustrated notes

Levels and vault maps discovered:
D:1:      minmay_arrival_open_corners, layout_basic, serial_shops, shop_coins
D:2:      layout_loops_ring, serial_shops, shop, shop, nicolae_square_shop,
          serial_glass, glass_columns_c, glass_columns_a, feat_on_display,
          minmay_strange_pillars, minmay_fountain_box, uniq_robin,
          uniq_crazy_yiuf_cottage, uniq_terence
D:3:      layout_rooms, mainiacjoe_overflow_alcove_2,
          mainiacjoe_overflow_tiny_flanked
D:4:      layout_cave_pools, uniq_edmund, uniq_duvessa, uniq_grinder
D:5:      layout_cave_pods, zin_academy, uniq_blork_the_orc
D:6:      nicolae_BIG_FREAKIN_CUBE, layout_loops_ring,
          gammafunk_temple_overflow_forgotten, minmay_temple_entry_tees,
          lightli_sewer_entry_pipes
D:7:      nicolae_cairo_tiling, layout_rooms, kennysheep_slug_shrine,
          kennysheep_cluttered_room, uniq_joseph
D:8:      layout_rooms, nicolae_dithmenos_through_a_glass_darkly,
          dpeg_oklobed_lair, serial_shops, shop,
          nicolae_shop_temple_entry_statues_fountains, shop_fountains,
          uniq_pikel, uniq_erica
D:9:      layout_big_octagon, bloody_makhleb, orc_0_dummy, serial_shops,
          nicolae_stop_n_shop_1
D:10:     layout_irregular_city, trog_three_pillars_becter,
          nicolae_vehumet_altar_sigil, serial_shops, shop, kennysheep_mini_moat,
          shop, hex_tiny, minmay_misc_feat_encased
Temple:   hellmonk_temple_divided_pantheon

Skill      XL: |  1  2  3  4  5  6  7  8  9 10 11 |
---------------+----------------------------------+-----
Long Blades    | 2 3 4 5 8 11 13 14 | 14.2
Armour         | 2 3 5 |  5.0
Necromancy     | 3 |  3.0
Fighting       | 3 |  3.2
Throwing       | |  0.8
Dodging        | |  1.5
Spellcasting   | |  2.1
Translocations | |  3.0

Action                     |  1- 3 |  4- 6 |  7- 9 | 10-12 || total
---------------------------+-------+-------+-------+-------++-------
  Melee: Falchion          |    90 |   132 |    39 |       ||   261
         Bite              |    16 |    45 |   113 |    58 ||   232
         Punch             |     1 |     1 |     3 |     5 ||    10
         Long sword        |       |       |   311 |   147 ||   458
         Scimitar          |       |       |       |    44 ||    44
   Cast: Blink             |       |       |     1 |       ||     1
Ability: Lunge             |       |       |     7 |    18 ||    25
         Whirlwind         |       |       |       |     6 ||     6
    Use: Scroll            |       |       |    11 |     2 ||    13
         Potion            |       |       |       |     1 ||     1
   Stab: Sleeping          |     1 |       |       |     1 ||     2
 Armour: Leather armour    |    39 |     3 |       |       ||    42
         Ice dragon scales |       |    85 |   302 |    81 ||   468
  Dodge: Dodged            |    45 |    76 |   220 |    56 ||   397

Table legend: (Time is in decaauts)
 A = Elapsed time spent in this place.
 B = Non-inter-level travel time spent in this place.
 C = Inter-level travel time spent in this place.
 D = Time resting spent in this place.
 E = Time spent auto-exploring this place.
 F = Levels seen in this place.
 G = Mean time per level.
                   A        B        C        D        E       F      G
               +--------+--------+--------+--------+--------+-----+--------+
         Total |   6165 |   5724 |    441 |    148 |   3694 |  11 |  560.5 |
       Dungeon |   6140 |   5710 |    430 |    148 |   3688 |  10 |  614.0 |
        Temple |     24 |     13 |     11 |      0 |      6 |   1 |   24.0 |
               +--------+--------+--------+--------+--------+-----+--------+

Top non-repeatable levels by time:
     D:2: 1053 daAuts
     D:6: 1047 daAuts
     D:7: 739 daAuts
     D:1: 712 daAuts
     D:3: 539 daAuts
     D:8: 531 daAuts
     D:9: 527 daAuts
    D:10: 403 daAuts
     D:5: 374 daAuts
     D:4: 212 daAuts
  Temple: 24 daAuts
